 Dungeon Crawl Stone Soup version 0.19.0-1-g5985abe (webtiles) character file.

51016 nikopol the Severer (level 14, -3/124 (126) HPs)
             Began as a Hill Orc Berserker on Nov 2, 2016.
             Was a High Priest of Trog.
             Killed by divine providence
             ... invoked by Saint Roka
              (15 damage)
             ... on level 2 of the Orcish Mines.
             The game lasted 00:55:06 (20425 turns).

nikopol the Severer (Hill Orc Berserker)           Turns: 20425, Time: 00:55:07

HP:   -3/124 (126)  AC: 26    Str: 23    XL:     14   Next: 57%
MP:   14/14         EV: 11    Int:  7    God:    Trog [*****.]
Gold: 2212          SH:  3    Dex: 12    Spells: 0 memorised, 13 levels left

rFire  + . .     SeeInvis .     a - +1 battleaxe (freeze)
rCold  . . .     Gourm    .     R - +2 plate armour {rF+}
rNeg   . . .     Faith    .     (shield currently unavailable)
rPois  .         Spirit   .     (no helmet)
rElec  .         Reflect  +     g - +1 cloak
rCorr  +         Harm     .     N - +1 pair of gloves
MR     +++..                    (no boots)
Stlth  ..........               O - +3 amulet of reflection
                                H - +5 ring of protection
                                T - ring of resist corrosion

@: lethally poisoned (-3 -> -3), exhausted, very slightly contaminated,
starving, regenerating, slowed, drained, very slow
A: no striking features
a: Berserk, Trog's Hand, Brothers in Arms, Burn Spellbooks, Renounce Religion,
Convert to Beogh


You were on level 2 of the Orcish Mines.
You worshipped Trog.
Trog was extremely pleased with you.
You were starving.

You visited 3 branches of the dungeon, and saw 18 of its levels.

You collected 2212 gold pieces.

Inventory:

Hand Weapons
 a - a +1 battleaxe of freezing (weapon)
 i - a +6 longbow
 l - a +3 antimagic executioner's axe
 z - a +5 longbow of flaming
 V - a +1 antimagic battleaxe
Missiles
 F - 181 arrows (quivered)
Armour
 g - a +1 cloak (worn)
 N - a +1 pair of gloves (worn)
 R - a +2 plate armour of fire resistance (worn)
Jewellery
 e - an uncursed ring of protection from fire
 H - a +5 ring of protection (right hand)
 O - a +3 amulet of reflection (around neck)
 T - a ring of resist corrosion (left hand)
Wands
 o - a wand of digging (9/24)
Scrolls
 f - 4 scrolls of fear
 h - 2 scrolls of summoning
 j - 4 scrolls of teleportation
 p - 10 scrolls of remove curse
 q - 2 scrolls of recharging
 v - a scroll of torment {unknown}
 B - 2 scrolls of blinking
 J - a scroll of magic mapping
 L - a scroll of enchant weapon
 P - a scroll of holy word
 Z - a scroll of fog {unknown}
Potions
 b - 5 potions of cancellation {unknown}
 d - 2 potions of flight
 m - 4 potions of haste
 r - 2 potions of cure mutation {unknown}
 t - 6 potions of curing {unknown}
 u - a potion of berserk rage {unknown}
 w - 5 potions of heal wounds
 x - 2 potions of invisibility {unknown}
 I - 3 potions of brilliance {unknown}
 K - a potion of might {unknown}
 M - 2 potions of ambrosia {unknown}
 W - a potion of mutation {unknown}
Comestibles
 c - 7 bread rations
 k - 6 beef jerkies
 n - 6 chunks of flesh
 G - 4 royal jellies
 S - 4 meat rations
 X - 8 fruits


   Skills:
 + Level 12.0(11.6) Fighting
 * Level 16.7(16.2) Axes
 * Level 11.4(10.9) Bows
 + Level 11.1(10.7) Armour
 + Level 9.1(8.7) Dodging


You had 13 spell levels left.
You didn't know any spells.

Dungeon Overview and Level Annotations

Branches:
Dungeon (10/15)            Temple (0/1) D:7            Lair (6/6) D:10
  Swamp (0/4) Lair:4        Snake (0/4) Lair:3        Slime (0/5) Lair:5
    Orc (2/2) D:10
    Elf: Orc:2

Altars:
Fedhas
Gozag
Makhleb
Nemelex Xobeh
Ru
Sif Muna
Trog
Uskayaw
Xom
The Shining One
Beogh
Jiyva

Shops:
D:6 :   D:10 [

Portals:
Hell: Lair:6

Annotations:
Orc:2 Saint Roka


Message History

* * * LOW HITPOINT WARNING * * *
Your two-headed ogre hits the orc knight but does no damage.
Your two-headed ogre hits the orc knight with a giant club!!
The orc knight barely misses your two-headed ogre.
The orc warrior throws a tomahawk.
The tomahawk completely misses you.
Things that are here:
a hand axe; an arrow; an orc corpse Blink to where?
Press: ? - help, Dir - move target cursor You are very lightly contaminated with residual magic.
As you read the scroll of blinking, it crumbles to dust.
You feel sick.
You feel sick.
Your skin crawls.
You feel resistant to hostile enchantments.
You feel quite a bit more hungry.
You feel sick.
You are starving!
Saint Roka calls down the wrath of Beogh upon you.
Beogh smites you!
You die...

##.##............####
###................#.## ######
##........##...........###.##..
#.........# ##........# #......
##.<.....### #........#####..))(
#.........# ##.........##.#))o)
##........####.............(ยง)Oo
###..<.....###......oo...(.).##
##..........@....####.##..##
#................# ###...#
##................# ##.##
#............##...# ...
##.#...#.....###.## .#.#
###..#.......#### .....
#...#........# ##..........##
.#...........


You could see Saint Roka and an orc warrior.

Vanquished Creatures
  A frost giant (D:10)
  A dire elephant (Lair:6)
  Harold (Lair:2)
  6 hydras
  Erica (Orc:1)
  Nergalle (Orc:2)
  The ghost of septik the Cleaver, a novice MiBe of Trog (D:7)
  A sixfirhy (Lair:6)
  A hill giant (D:10)
  3 orc knights
  2 orc sorcerers
  A deep elf mage (D:6)
  An oklob plant (Lair:4)
  4 elephants (Lair:4)
  7 black mambas
  2 orange demons (Lair:6)
  9 spiny frogs
  2 rime drakes
  10 komodo dragons
  3 ice devils (Lair:6)
  A hellwing (Lair:6)
  2 trolls
  2 polar bears (Lair:5)
  14 blink frogs
  7 hippogriffs
  53 yaks
  4 basilisks
  A hungry ghost (D:8)
  5 insubstantial wisps (Lair:4)
  2 nagas (Lair:3)
  2 wargs
  A hell hound (Lair:6)
  10 water moccasins
  7 porcupines
  15 ice beasts
  3 black bears
  2 phantoms
  2 sky beasts
  19 orc warriors
  A necrophage (D:6)
  10 ogres
  2 centaurs
  18 wolves
  12 crocodiles
  11 bullfrogs
  6 scorpions
  6 killer bees (D:8)
  6 electric eels (D:10)
  2 centaur zombies
  A quasit (D:7)
  2 centaur skeletons
  5 crimson imps
  A bullfrog zombie (D:10)
  5 hounds
  5 jellies
  5 orc priests
  Crazy Yiuf (D:2)
  3 bullfrog skeletons
  16 orc wizards
  Terence (D:3)
  3 iguanas
  6 worker ants
  4 hell rats (Lair:6)
  A hound skeleton (D:10)
  A worker ant zombie (D:8)
  14 adders
  2 shadow imps
  An ooze (Lair:5)
  An adder zombie (D:5)
  2 adder skeletons
  2 worms
  6 dart slugs
  A leopard gecko (D:2)
  48 orcs
  A ball python (D:5)
  5 bats
  8 giant cockroaches
  6 goblins
  6 hobgoblins
  16 jackals
  3 quokkas
  6 frilled lizards
  5 kobolds
  A leopard gecko skeleton (D:5)
  A leopard gecko zombie (D:6)
  A quokka skeleton (D:6)
  6 rats
  28 fungi
  51 plants
565 creatures vanquished.

Vanquished Creatures (collateral kills)
  A dire elephant (Lair:6)
  A hydra (Lair:6)
  A wizard (Lair:6)
  A smoke demon (Lair:6)
  An orange demon (Lair:6)
  A red devil (Lair:6)
  An orc warrior (Orc:2)
7 creatures vanquished.

Vanquished Creatures (others)
  An orc wizard (D:5)
  2 bushes (Lair:6)
  13 fungi
  10 plants
26 creatures vanquished.

Grand Total: 598 creatures vanquished

Notes
Turn   | Place    | Note
-------+----------+-------------------------------------------
     0 | D:1      | nikopol the Hill Orc Berserker began the quest for the Orb.
     0 | D:1      | Reached XP level 1. HP: 19/19 MP: 1/1
   226 | D:1      | Reached XP level 2. HP: 26/27 MP: 2/2
   386 | D:1      | Reached XP level 3. HP: 23/33 MP: 3/3
   800 | D:2      | Reached ** piety under Trog
  1169 | D:2      | Found a sacrificial altar of Ru.
  1176 | D:2      | Reached XP level 4. HP: 40/40 MP: 4/4
  1475 | D:2      | Found a runed door.
  1479 | D:2      | Noticed Crazy Yiuf
  1488 | D:2      | Killed Crazy Yiuf
  1488 | D:2      | Reached skill level 5 in Axes
  1488 | D:2      | Reached XP level 5. HP: 44/47 MP: 5/5
  2089 | D:3      | Noticed an ogre
  2099 | D:3      | Killed an ogre
  2099 | D:3      | Reached XP level 6. HP: 42/55 MP: 6/6
  2475 | D:3      | Noticed Terence
  2483 | D:3      | Killed Terence
  2483 | D:3      | Reached skill level 5 in Fighting
  2806 | D:3      | Found a deep blue altar of Sif Muna.
  2826 | D:3      | Reached skill level 6 in Axes
  3058 | D:4      | Reached *** piety under Trog
  3125 | D:4      | Noticed a phantom
  3151 | D:4      | Killed a phantom
  3151 | D:4      | Reached XP level 7. HP: 50/61 MP: 7/7
  3353 | D:4      | Found a glowing golden altar of the Shining One.
  3474 | D:5      | Entered Level 5 of the Dungeon
  3519 | D:5      | Reached skill level 7 in Axes
  3697 | D:5      | Reached skill level 5 in Armour
  3759 | D:5      | Reached XP level 8. HP: 58/70 MP: 8/8
  4148 | D:5      | Reached skill level 1 in Bows
  4274 | D:5      | Reached skill level 8 in Axes
  4421 | D:5      | Found an opulent altar of Gozag.
  5258 | D:6      | Noticed a deep elf mage
  5268 | D:6      | Killed a deep elf mage
  5268 | D:6      | Reached skill level 9 in Axes
  5268 | D:6      | Reached XP level 9. HP: 64/78 MP: 9/9
  5439 | D:6      | Found Askeohaj's Book Shoppe.
  5565 | D:6      | Received a gift from Trog
  5994 | D:7      | Found a hide-covered altar of Uskayaw.
  6126 | D:7      | Found a sparkling altar of Nemelex Xobeh.
  6149 | D:7      | Reached skill level 5 in Dodging
  6332 | D:7      | Noticed septik's ghost (novice MiBe)
  6355 | D:7      | Killed septik's ghost
  6355 | D:7      | Reached skill level 10 in Axes
  6563 | D:7      | Reached **** piety under Trog
  6563 | D:7      | Reached XP level 10. HP: 81/84 MP: 10/10
  6584 | D:6      | Found a shimmering altar of Xom.
  6704 | D:7      | Found a staircase to the Ecumenical Temple.
  6790 | D:8      | Received a gift from Trog
  6812 | D:8      | Reached skill level 5 in Bows
  7167 | D:8      | Found a bloodstained altar of Trog.
  7622 | D:9      | Reached skill level 11 in Axes
  8797 | D:10     | Entered Level 10 of the Dungeon
  8911 | D:10     | Found a staircase to the Orcish Mines.
  8919 | D:10     | Reached XP level 11. HP: 89/93 MP: 11/11
  9035 | D:10     | Reached ***** piety under Trog
  9058 | D:10     | Reached skill level 12 in Axes
  9126 | D:10     | Received a gift from Trog
  9501 | D:10     | Found Zabled's Armour Shoppe.
  9507 | D:10     | Noticed a hill giant
  9515 | D:10     | Killed a hill giant
  9532 | D:10     | Found a staircase to the Lair.
 10321 | D:10     | Noticed a frost giant
 10343 | D:10     | Killed a frost giant
 11395 | Lair:1   | Entered Level 1 of the Lair of Beasts
 11495 | Lair:1   | Reached skill level 13 in Axes
 11500 | Lair:1   | Noticed a seven-headed hydra
 11513 | Lair:1   | Killed a nine-headed hydra
 11620 | Lair:1   | Reached XP level 12. HP: 103/103 MP: 12/12
 13232 | Lair:2   | Noticed Harold
 13249 | Lair:2   | Received a gift from Trog
 13260 | Lair:2   | Killed Harold
 13260 | Lair:2   | Reached skill level 10 in Fighting
 13260 | Lair:2   | Reached skill level 14 in Axes
 13906 | Lair:3   | Found a staircase to the Snake Pit.
 14266 | Lair:3   | Received a gift from Trog
 14952 | Lair:4   | Reached XP level 13. HP: 105/112 MP: 13/13
 15125 | Lair:4   | Reached skill level 15 in Axes
 15125 | Lair:4   | Reached skill level 10 in Armour
 15487 | Lair:4   | Found a blossoming altar of Fedhas.
 16173 | Lair:4   | Reached skill level 10 in Bows
 16358 | Lair:4   | Found a staircase to the Swamp.
 16681 | Lair:5   | Found a runed door.
 16977 | Lair:5   | Found a viscous altar of Jiyva.
 16979 | Lair:5   | Found a staircase to the Slime Pits.
 17233 | Lair:6   | Entered Level 6 of the Lair of Beasts
 17297 | Lair:6   | Received a gift from Trog
 18190 | Lair:6   | Noticed a dire elephant
 18201 | Lair:6   | Killed a dire elephant
 18201 | Lair:6   | Received a gift from Trog
 18208 | Lair:6   | Noticed a dire elephant
 18217 | Lair:6   | Reached XP level 14. HP: 95/122 MP: 14/14
 18220 | Lair:6   | Reached skill level 16 in Axes
 18228 | Lair:6   | Killed a dire elephant
 18758 | Lair:6   | Found a burning altar of Makhleb.
 19316 | Lair:6   | Found a gateway to Hell.
 19643 | Orc:1    | Entered Level 1 of the Orcish Mines
 19649 | Orc:1    | Received a gift from Trog
 19715 | Orc:1    | Noticed Erica
 19719 | Orc:1    | Killed Erica
 19864 | Orc:1    | Found a roughly hewn altar of Beogh.
 20219 | Orc:2    | Entered Level 2 of the Orcish Mines
 20389 | Orc:2    | Noticed Nergalle
 20405 | Orc:2    | Noticed Saint Roka
 20408 | Orc:2    | Killed Nergalle
 20425 | Orc:2    | Killed from afar by Saint Roka

Skill      XL: |  1  2  3  4  5  6  7  8  9 10 11 12 13 14 |
---------------+-------------------------------------------+-----
Dodging        | 2 3 4 5 6 7 8 9 |  9.1
Fighting       | 4 5 6 7 8 9 10 11 12 | 12.0
Armour         | 3 4 5 6 7 8 9 10 11 | 11.1
Axes           | 5 6 7 9 10 11 13 14 15 16 | 16.7
Bows           | 3 4 6 8 9 10 11 | 11.4

Action                   |  1- 3 |  4- 6 |  7- 9 | 10-12 | 13-15 || total
-------------------------+-------+-------+-------+-------+-------++-------
Melee: Hand axe          |   132 |    79 |       |       |       ||   211
       War axe           |       |    78 |   208 |   284 |       ||   570
       Battleaxe         |       |       |       |   183 |   519 ||   702
 Fire: Shortbow          |       |       |   110 |   342 |       ||   452
       Longbow           |       |       |       |    20 |   248 ||   268
Invok: Berserk           |       |     3 |     2 |     7 |     7 ||    19
       Burn Spellbooks   |       |       |     1 |     2 |     2 ||     5
       Brothers in Arms  |       |       |       |       |     5 ||     5
       Trog's Hand       |       |       |       |       |     3 ||     3
  Use: Scroll            |       |       |     1 |    20 |     3 ||    24
 Stab: Invisible         |       |     1 |       |       |       ||     1
  Eat: Chunk             |     1 |     9 |    12 |    34 |    18 ||    74
       Fruit             |       |       |       |     1 |       ||     1
       Pizza             |       |       |       |       |     2 ||     2
       Royal jelly       |       |       |       |       |     1 ||     1
       Beef jerky        |       |       |       |       |     1 ||     1
Armor: Animal skin       |     1 |       |       |       |       ||     1
       Leather armour    |    57 |    28 |       |       |       ||    85
       Ring mail         |       |    32 |    97 |   113 |       ||   242
       Plate armour      |       |       |       |   149 |   255 ||   404
Dodge: Dodged            |   109 |    94 |   153 |   277 |   172 ||   805
Block: Other             |       |       |    14 |    59 |    42 ||   115
